 Dungeon Crawl Stone Soup version 0.29.1-4-g47bece8355 (webtiles) character file.

Game seed: 13632192680914938660

38 sanboga the Chopper (level 3, -4/33 HPs)
             Began as a Minotaur Monk on Dec 6, 2022.
             Slain by a scorpion (5 damage)
             ... on level 2 of the Dungeon.
             The game lasted 00:01:15 (1544 turns).

sanboga the Chopper (Minotaur Monk)                 Turns: 1544, Time: 00:01:16

Health: -4/33      AC:  2    Str: 17    XL:     3   Next: 25%
Magic:  0/2        EV: 12    Int:  7    God:
Gold:   81         SH:  0    Dex: 12    Spells: 2/2 levels left

rFire   . . .      SeeInvis .   a - +0 hand axe
rCold   . . .      Faith    .   (no shield)
rNeg    . . .      Spirit   +   b - +0 robe
rPois   .          Reflect  .   (helmet restricted)
rElec   .          Harm     .   (no cloak)
rCorr   .          Rampage  .   (no gloves)
Will    .....                   (no boots)
Stlth   ++........              h - amulet of guardian spirit
HPRegen 0.11/turn               (no ring)
MPRegen 0.08/turn               (no ring)

@: lethally poisoned (-4 -> -18)
A: horns 2, retaliatory headbutt
a: no special abilities


You were on level 2 of the Dungeon.
You visited 1 branch of the dungeon, and saw 2 of its levels.

You collected 81 gold pieces.

Inventory:

Hand Weapons
 a - a +0 hand axe (weapon)
Armour
 b - a +0 robe (worn)
Jewellery
 h - an amulet of guardian spirit (around neck)
Scrolls
 d - 2 scrolls of teleportation {unknown}
 i - 2 scrolls of enchant armour {unknown}
 j - a scroll of poison {unknown}
 l - a scroll of noise {unknown}
 n - a scroll of identify {unknown}
Potions
 c - 3 potions of ambrosia
 e - 2 potions of heal wounds {unknown}
 f - a potion of berserk rage {unknown}
 g - a potion of curing {unknown}
 k - 2 potions of brilliance {unknown}
 m - a potion of mutation {unknown}


   Skills:
 + Level 4.1 Fighting
 * Level 4.6 Axes
 + Level 1.5 Armour
 - Level 3.2 Dodging
 - Level 1.5 Stealth


You had 2 spell levels left.
You didn't know any spells.
Your spell library contained the following spells:

 Spells                   Type           Power      Damage    Failure   Level
 Dazzling Flash           Conj/Hex       0%         N/A       80%         3
 Agony                    Necr           0%         N/A       100%        5
 Silence                  Hex/Air        0%         N/A       100%        5


Dungeon Overview and Level Annotations

Branches:
Dungeon (2/15)

Altars:

Shops:
D:2 (


Innate Abilities, Weirdness & Mutations

You have a pair of horns on your head.
You reflexively headbutt those who attack you in melee.


Message History

You are too injured to fight recklessly!
You are confused.
You feel invigorated.
You feel very sick. The scorpion stings you.
You feel very sick. The scorpion stings you.
* * * LOW HITPOINT WARNING * * *
You bump into the rock wall.
You feel sick. The scorpion closely misses you.
You feel sick.
You feel sick. The scorpion stings you.
You are more poisoned.
The scorpion poisons you!
You bump into the rock wall.
You feel very sick. The scorpion stings you.
You are lethally poisoned!
The scorpion poisons you!
You closely miss the scorpion.
The scorpion is lightly wounded.
You feel very sick. The scorpion stings you.
* * * LOW HITPOINT WARNING * * *
You're too confused to move!
You feel very sick. The scorpion stings you.
* * * LOW HITPOINT WARNING * * *
You are more poisoned.
The scorpion poisons you!
You bump into the rock wall.
You feel less invigorated.
You feel less confused.
* * * LOW HITPOINT WARNING * * *
You feel very sick. The scorpion completely misses you.
The scorpion barely misses you.
You closely miss the scorpion. You headbutt the scorpion.
The scorpion is lightly wounded.
* * * LOW HITPOINT WARNING * * *
You feel very sick. The scorpion stings you!
You die...

#... #... #... ... #
#.. # #..## # #
#...#.# ######## #
#.#@#.#####......###
#..s..##....(.......
####.####............
#.......#............
#.##.##.#.......#....
#. #.##.#.......#.#.#
#. ..##.#^...........
#..####.#.........#<#
#..#.....).......##.#


You could see a scorpion.

Vanquished Creatures
  An adder (D:2)
  A dart slug (D:1)
  2 bats
  An endoplasm (D:1)
  3 giant cockroaches
  A goblin (D:1)
  6 hobgoblins
  A quokka (D:1)
  3 ball pythons (D:1)
  A frilled lizard (D:2)
  A kobold (D:1)
  5 rats
26 creatures vanquished.

Notes
Turn   | Place    | Note
-------+----------+-------------------------------------------
     0 | D:1      | sanboga the Minotaur Monk began the quest for the Orb.
     0 | D:1      | Reached XP level 1. HP: 19/19 MP: 0/0
   219 | D:1      | Reached XP level 2. HP: 20/27 MP: 1/1
   230 | D:1      | Reached skill level 1 in Armour
   956 | D:2      | Found Jubbesarr's Antique Weapon Emporium.
  1015 | D:2      | Reached XP level 3. HP: 29/33 MP: 0/2
  1525 | D:2      | Noticed a scorpion
  1544 | D:2      | HP: 1/33 [poisoned by a scorpion]
  1544 | D:2      | Slain by a scorpion

Illustrated notes

Levels and vault maps discovered:
D:1:      kilobyte_arrival_exit_the_forest, layout_rooms, serial_bayou_pond_b
D:2:      layout_loops_cross, serial_shops, shop

Skill      XL: |  1  2 |
---------------+-------+-----
Axes           | 4 |  4.6
Armour         | 1 |  1.5
Fighting       | 4 |  4.1
Dodging        | |  3.2
Stealth        | |  1.5

Action                   || total
-------------------------++-------
Melee: Hand axe          ||    51
       Headbutt          ||    11
  Use: Potion            ||     1
 Stab: Sleeping          ||     6
Armor: Robe              ||    10
Dodge: Dodged            ||    19
